Ice Dragons vs Staline
Created - January 25, 2018 at 19:01
Goals
|
| Ice Dragons |
0 |
0 |
0 |
0 |
| Staline |
2 |
3 |
0 |
5 |
|
Shots
|
| Ice Dragons |
9 |
4 |
14 |
27 |
| Staline |
12 |
17 |
3 |
32 |
|
1st period
1. Staline , Dustin Kohn 4 (Lars Eller 32) at 7:27 (PP)
2. Staline , Nick Spaling 7 (David Desharnais 26, Jordan Caron 14) at 8:07
Penalties :
Lars Eller (StJ) for High sticking (Minor) at 4:47, Michael Latta (Kin) for Hooking (Minor) at 7:22, Joe Callahan (Kin) for Tripping (Minor) at 16:07
2nd period
3. Staline , Corey Trivino 13 (Stu Bickel 15, James Sheppard 14) at 0:51
4. Staline , Danny Kristo 13 (James Sheppard 15, Brandon Burlon 10) at 7:23
5. Staline , Nick Spaling 8 (David Desharnais 27, Dustin Kohn 40) at 14:24
Penalties :
Petr Vrana (Kin) for Holding (Minor) at 1:33, Stu Bickel (StJ) for Fighting (Major) at 7:24, Ryan Reaves (Kin) for Fighting (Major) at 7:24, Michael Latta (Kin) for Holding (Minor) at 12:19, Tyler Pitlick (StJ) for Holding Stick (Minor) at 14:50, Brendon Nash (Kin) for Hooking (Minor) at 18:19
3rd period
No Goal
Penalties :
Brandon Burlon (StJ) for High sticking (Minor) at 0:32, Brandon Burlon (StJ) for Hooking (Minor) at 8:11, Marek Zagrapan (StJ) for Goalie Interference (Minor) at 18:39
Goalie Stats
Anders Nilsson (Kin), 27 saves from 32 shots - (0.844), L, 20-14-3, 60:00 minutes
Allen York (StJ), 27 saves from 27 shots - (1.000), W, 20-7-4, 60:00 minutes
Players Stats for Ice Dragons
Player Name G A P +/- PIM S H SB GA TA FO MP PP MP PK MP
------------------------------------------------------------------------------------
Andrej Nestrasil 0 0 0 0 0 1 0 0 0 0 4/8 11:40 0:00 0:00
Brandon Kozun 0 0 0 0 0 0 1 0 0 1 1/1 12:01 0:00 0:00
Brendon Nash 0 0 0 -1 2 5 1 3 2 0 0/0 26:41 5:33 3:56
Curtis Glencross 0 0 0 -2 0 3 1 2 0 1 4/11 26:15 5:02 4:47
Joe Callahan 0 0 0 -1 2 1 5 1 1 0 0/0 23:41 5:33 3:53
Justin Faulk 0 0 0 -3 0 1 3 2 1 0 0/0 20:26 3:43 2:53
Kevin Connauton 0 0 0 -3 0 2 0 2 0 0 0/0 20:26 3:43 2:53
Logan MacMillan 0 0 0 0 0 0 2 0 0 0 0/0 11:40 0:00 0:00
Michael Chaput 0 0 0 -1 0 2 0 0 0 0 2/4 6:48 0:00 0:51
Michael Ferland 0 0 0 0 0 0 0 0 0 0 0/0 7:21 0:00 1:30
Michael Latta 0 0 0 -3 4 3 1 1 1 1 14/21 19:20 5:02 2:23
Michael Stone 0 0 0 0 0 0 0 1 0 0 0/0 11:30 0:00 0:00
Petr Vrana 0 0 0 -1 2 2 1 0 2 1 1/1 17:24 4:14 0:00
Ryan Reaves 0 0 0 -1 5 1 2 3 0 0 0/0 15:16 4:14 0:02
Sam Carrick 0 0 0 0 0 0 0 0 0 0 0/0 2:59 0:00 0:00
Samuel Groulx 0 0 0 0 0 0 0 1 0 1 0/0 3:58 0:00 0:13
Tomas Kudelka 0 0 0 0 0 0 0 0 0 0 0/0 13:20 0:00 2:14
Troy Brouwer 0 0 0 -2 0 3 2 1 1 0 3/4 22:20 5:02 4:41
Tyler Haskins 0 0 0 -2 0 3 1 1 0 1 9/14 18:49 4:14 1:50
Players Stats for Staline
Player Name G A P +/- PIM S H SB GA TA FO MP PP MP PK MP
------------------------------------------------------------------------------------
Barclay Goodrow 0 0 0 0 0 0 2 0 0 0 0/0 7:44 0:06 0:00
Brandon Burlon 0 1 1 2 4 3 2 0 1 2 0/0 24:31 5:08 2:12
Bryan Bickell 0 0 0 0 0 0 1 0 1 0 0/0 9:43 0:00 1:48
Corey Trivino 1 0 1 2 0 2 0 0 0 1 0/2 14:11 0:44 2:43
Danny Kristo 1 0 1 2 0 3 2 0 1 0 0/1 11:03 0:00 2:10
David Desharnais 0 2 2 2 0 1 3 2 0 0 9/22 17:37 3:19 4:20
Dustin Kohn 1 1 2 2 0 6 3 1 0 2 0/0 28:06 5:08 5:31
James Sheppard 0 2 2 3 0 1 2 0 0 0 0/0 18:43 1:38 5:08
Jeff Skinner 0 0 0 0 0 4 1 0 0 1 3/3 18:49 4:18 0:00
Jordan Caron 0 1 1 1 0 1 1 0 0 1 0/0 8:04 1:45 0:00
Lars Eller 0 1 1 0 2 4 2 0 1 0 11/29 20:10 4:36 0:47
Marek Zagrapan 0 0 0 0 2 1 2 0 0 0 1/2 9:22 0:00 1:36
Mike Reilly 0 0 0 0 0 0 2 2 0 0 0/0 13:27 0:00 1:33
Nick Spaling 2 0 2 2 0 2 2 1 2 0 0/1 15:21 3:19 0:00
Philip Larsen 0 0 0 2 0 0 1 1 0 0 0/0 19:43 2:53 3:47
Stu Bickel 0 1 1 2 5 2 1 3 0 1 0/0 20:04 2:53 5:29
Tyler Pitlick 0 0 0 0 2 2 3 0 0 0 2/4 19:52 4:18 0:00
Viktor Loov 0 0 0 0 0 0 2 1 0 0 0/0 14:08 0:00 0:00
3 Stars
1 - Allen York (StJ)
2 - Nick Spaling (StJ)
3 - Dustin Kohn (StJ)
Power Play
Ice Dragons - 0 on 5 Attempt(s) - 0.00%
Staline - 1 on 5 Attempt(s) - 20.00%
Penalty Kill
Ice Dragons - 4 on 5 Attempt(s) - 80.00%
- Score 0 goal in Penalty Kill
Staline - 5 on 5 Attempt(s) - 100.00%
- Score 0 goal in Penalty Kill
Team Stat
Ice Dragons - Hits : 20 - Faceoff Wins : 38 - Blocked Shots : 18 - Penalty Minutes : 15
Staline - Hits : 32 - Faceoff Wins : 26 - Blocked Shots : 11 - Penalty Minutes : 15
Official
Referees : Dwyer Gord and Ciamaga Chris
Linesman : Brad Lazarowich and Andy McElman
Game Notes
Stu Bickel and Ryan Reaves fight to a draw at 7:24 of 2nd period
Jordan Caron is injured at 9:59 of 2nd period (Bruised Left Foot)
David Desharnais is injured at 11:42 of 3rd period (Sprained Right Finger)
Finance
Level 1 -- Attendance: 1607 (80.35%) -- Ticket Income $64,280
Level 2 -- Attendance: 698 (69.80%) -- Ticket Income $13,960
Total Attendance: 2305 (76.83%)
Total Ticket Income: $78,240
Other Income: $3,912
Total Income: $82,152
Ice Dragons
5 vs 5 Forward
Center Left Wing Right Wing Time % Phy DF OF
1 Michael Latta Curtis Glencross Troy Brouwer 40 1 2 2
2 Tyler Haskins Petr Vrana Ryan Reaves 30 1 2 2
3 Andrej Nestrasil Logan MacMillan Brandon Kozun 20 1 2 2
4 Michael Chaput Michael Ferland Curtis Glencross 10 1 2 2
5 vs 5 Defense
Defense Defense Time % Phy DF OF
1 Brendon Nash Joe Callahan 40 1 2 2
2 Justin Faulk Kevin Connauton 30 1 2 2
3 Michael Stone Tomas Kudelka 20 1 2 2
4 Samuel Groulx Brendon Nash 10 1 2 2
PowerPlay Forward
Center Left Wing Right Wing Time % Phy DF OF
1 Michael Latta Curtis Glencross Troy Brouwer 60 1 2 2
2 Tyler Haskins Petr Vrana Ryan Reaves 40 1 2 2
PowerPlay Defense
Defense Defense Time % Phy DF OF
1 Brendon Nash Joe Callahan 60 1 2 2
2 Justin Faulk Kevin Connauton 40 1 2 2
Penalty Kill 4 Players Forward
Center Wing Time % Phy DF OF
1 Curtis Glencross Troy Brouwer 60 1 2 2
2 Michael Latta Tyler Haskins 40 1 2 2
Penalty Kill 4 Players Defense
Defense Defense Time % Phy DF OF
1 Brendon Nash Joe Callahan 60 1 2 2
2 Justin Faulk Kevin Connauton 40 1 2 2
Penalty Kill - 3 Players Forward
Forward Time % Phy DF OF
1 Curtis Glencross 60 1 2 2
2 Troy Brouwer 40 1 2 2
Penalty Kill - 3 Players Defense
Defense Defense Time % Phy DF OF
1 Brendon Nash Joe Callahan 60 1 2 2
2 Justin Faulk Kevin Connauton 40 1 2 2
4 vs 4 Forward
Center Wing Time % Phy DF OF
1 Curtis Glencross Troy Brouwer 60 1 2 2
2 Michael Latta Tyler Haskins 40 1 2 2
4 vs 4 Defense
Defense Defense Time % Phy DF OF
1 Brendon Nash Joe Callahan 60 1 2 2
2 Justin Faulk Kevin Connauton 40 1 2 2
Last Minutes Offensive
Center Left Wing Right Wing Defense Defense
Michael Latta Curtis Glencross Troy Brouwer Brendon Nash Joe Callahan
Last Minutes Defensive
Center Left Wing Right Wing Defense Defense
Michael Latta Curtis Glencross Troy Brouwer Brendon Nash Joe Callahan
Goaltenders
Starting : Anders Nilsson
Backup : Harru Sateri
Extra Forwards
Normal : Sam Carrick, Curtis Glencross, Troy Brouwer - PP : Sam Carrick, Curtis Glencross - PK : Curtis Glencross
Extra Defensemen
Normal : Michael Stone, Tomas Kudelka, Samuel Groulx - PP : Michael Stone - PK : Tomas Kudelka, Samuel Groulx
Penalty Shots
Curtis Glencross, Troy Brouwer, Michael Latta, Tyler Haskins, Petr Vrana
Scratches
Theodor Blueger (Healthy), Justin Shugg (Healthy), Chris Wagner (Healthy), Christian Djoos (Healthy), Oscar Dansk (Healthy)
Staline
5 vs 5 Forward
Center Left Wing Right Wing Time % Phy DF OF
1 Lars Eller Jeff Skinner Tyler Pitlick 40 1 2 2
2 David Desharnais Nick Spaling Jordan Caron 30 1 2 2
3 Corey Trivino James Sheppard Danny Kristo 20 1 2 2
4 Marek Zagrapan Bryan Bickell Barclay Goodrow 10 1 2 2
5 vs 5 Defense
Defense Defense Time % Phy DF OF
1 Brandon Burlon Dustin Kohn 40 1 2 2
2 Stu Bickel Philip Larsen 30 1 2 2
3 Viktor Loov Mike Reilly 20 1 2 2
4 Stu Bickel Dustin Kohn 10 1 2 2
PowerPlay Forward
Center Left Wing Right Wing Time % Phy DF OF
1 Lars Eller Jeff Skinner Tyler Pitlick 60 1 2 2
2 David Desharnais Nick Spaling Jordan Caron 40 1 2 2
PowerPlay Defense
Defense Defense Time % Phy DF OF
1 Brandon Burlon Dustin Kohn 60 1 2 2
2 Stu Bickel Philip Larsen 40 1 2 2
Penalty Kill 4 Players Forward
Center Wing Time % Phy DF OF
1 David Desharnais James Sheppard 60 1 2 2
2 Corey Trivino Danny Kristo 40 1 2 2
Penalty Kill 4 Players Defense
Defense Defense Time % Phy DF OF
1 Stu Bickel Dustin Kohn 60 1 2 2
2 Brandon Burlon Philip Larsen 40 1 2 2
Penalty Kill - 3 Players Forward
Forward Time % Phy DF OF
1 David Desharnais 60 1 2 2
2 Corey Trivino 40 1 2 2
Penalty Kill - 3 Players Defense
Defense Defense Time % Phy DF OF
1 Stu Bickel Dustin Kohn 60 1 2 2
2 Brandon Burlon Philip Larsen 40 1 2 2
4 vs 4 Forward
Center Wing Time % Phy DF OF
1 Jordan Caron Jeff Skinner 60 1 2 2
2 David Desharnais Nick Spaling 40 1 2 2
4 vs 4 Defense
Defense Defense Time % Phy DF OF
1 Stu Bickel Dustin Kohn 60 1 2 2
2 Brandon Burlon Philip Larsen 40 1 2 2
Last Minutes Offensive
Center Left Wing Right Wing Defense Defense
Lars Eller Jeff Skinner Tyler Pitlick Brandon Burlon Dustin Kohn
Last Minutes Defensive
Center Left Wing Right Wing Defense Defense
David Desharnais Nick Spaling Jordan Caron Stu Bickel Dustin Kohn
Goaltenders
Starting : Allen York
Backup : Darcy Kuemper
Extra Forwards
Normal : James Sheppard, Corey Trivino, Marek Zagrapan - PP : James Sheppard, Corey Trivino - PK : Marek Zagrapan
Extra Defensemen
Normal : Viktor Loov, Mike Reilly, Brandon Burlon - PP : Viktor Loov - PK : Mike Reilly, Brandon Burlon
Penalty Shots
Nick Spaling, Lars Eller, David Desharnais, Jordan Caron, Jeff Skinner
Scratches
Peter Holland (Healthy), Jiri Sekac (Healthy), Andrey Pedan (Healthy), Nikita Nesterov (Healthy), Charles Hudon (Healthy)
David Musil (Left Foot Injury), Joni Ortio (Healthy), Sean Maguire (Healthy)
% Time on Ice - Ice Dragons
Lines # - Real PCT - Wanted PCT - Time Play
Normal Forward
1 - 29% - 40% - 12:27
2 - 30% - 30% - 12:45
3 - 27% - 20% - 11:40
4 - 14% - 10% - 5:51
Normal Defense
1 - 33% - 40% - 14:16
2 - 32% - 30% - 13:50
3 - 25% - 20% - 10:52
4 - 9% - 10% - 3:45
PP Forward
1 - 54% - 60% - 5:02
2 - 46% - 40% - 4:14
PP Defense
1 - 60% - 60% - 5:33
2 - 40% - 40% - 3:43
PK Forward
1 - 77% - 60% - 6:11
2 - 23% - 40% - 1:50
PK Defense
1 - 64% - 60% - 5:08
2 - 36% - 40% - 2:53
PK3 Forward
1 - 0% - 60%
2 - 0% - 40%
PK3 Defense
1 - 0% - 60%
2 - 0% - 40%
44 Forward
1 - 0% - 60%
2 - 0% - 40%
44 Defense
1 - 0% - 60%
2 - 0% - 40%
Last Minute Offensive - 0:00
Last Minute Defensive - 0:00
Total
Forward - 60:00
Defense - 60:00
|
% Time on Ice - Staline
Lines # - Real PCT - Wanted PCT - Time Play
Normal Forward
1 - 34% - 40% - 14:22
2 - 31% - 30% - 13:21
3 - 19% - 20% - 8:10
4 - 16% - 10% - 6:50
Normal Defense
1 - 39% - 40% - 16:47
2 - 31% - 30% - 13:03
3 - 26% - 20% - 11:07
4 - 4% - 10% - 1:46
PP Forward
1 - 59% - 60% - 4:42
2 - 41% - 40% - 3:19
PP Defense
1 - 64% - 60% - 5:08
2 - 36% - 40% - 2:53
PK Forward
1 - 77% - 60% - 7:06
2 - 23% - 40% - 2:10
PK Defense
1 - 59% - 60% - 5:29
2 - 41% - 40% - 3:47
PK3 Forward
1 - 0% - 60%
2 - 0% - 40%
PK3 Defense
1 - 0% - 60%
2 - 0% - 40%
44 Forward
1 - 0% - 60%
2 - 0% - 40%
44 Defense
1 - 0% - 60%
2 - 0% - 40%
Last Minute Offensive - 0:00
Last Minute Defensive - 0:00
Total
Forward - 60:00
Defense - 60:00
|
Play by Play
1st period
0:01 of 1st period - Michael Latta wins face-off versus Lars Eller in neutral zone.
0:12 of 1st period - Curtis Glencross is hit by Lars Eller and loses puck.
1:00 of 1st period - Wrist shot by James Sheppard.
1:00 of 1st period - Deflect By Danny Kristo.
1:00 of 1st period - Stopped by Anders Nilsson without a rebound.
1:01 of 1st period - Michael Chaput wins face-off versus Marek Zagrapan in Ice Dragons zone.
1:01 of 1st period - Michael Chaput is hit by Marek Zagrapan.
1:16 of 1st period - Snap shot by Marek Zagrapan.
1:16 of 1st period - Deflect By Bryan Bickell.
1:16 of 1st period - Shot Hit the Post.
1:16 of 1st period - Puck is out of play.
1:17 of 1st period - Michael Latta wins face-off versus Tyler Pitlick in Ice Dragons zone.
1:17 of 1st period - Michael Latta is hit by Stu Bickel.
1:35 of 1st period - Samuel Groulx is hit by Tyler Pitlick and loses puck.
2:14 of 1st period - Slapshot by Brendon Nash.
2:14 of 1st period - Stopped by Allen York with a rebound.
2:20 of 1st period - Samuel Groulx is hit by Viktor Loov.
2:58 of 1st period - Wrist shot by James Sheppard.
2:58 of 1st period - Shot Blocked by Samuel Groulx.
3:00 of 1st period - Snap shot by Danny Kristo.
3:00 of 1st period - Deflect By Corey Trivino.
3:00 of 1st period - Shot Blocked by Ryan Reaves.
3:00 of 1st period - Puck is out of play.
3:01 of 1st period - Lars Eller wins face-off versus Andrej Nestrasil in Ice Dragons zone.
3:57 of 1st period - Snap shot by Marek Zagrapan.
3:57 of 1st period - Shot Misses the Net.
3:59 of 1st period - Snap shot by Dustin Kohn.
3:59 of 1st period - Deflect By Bryan Bickell.
3:59 of 1st period - Shot Blocked by Tyler Haskins.
3:59 of 1st period - Puck is out of play.
4:00 of 1st period - Andrej Nestrasil wins face-off versus Lars Eller in Ice Dragons zone.
4:15 of 1st period - Snap shot by Jeff Skinner.
4:15 of 1st period - Shot Misses the Net.
4:41 of 1st period - Wrist shot by Tyler Haskins.
4:41 of 1st period - Deflect By Lars Eller.
4:41 of 1st period - Stopped by Allen York with a rebound.
4:47 of 1st period - Minor Penalty to Lars Eller for High sticking.
4:48 of 1st period - David Desharnais wins face-off versus Michael Latta in Staline zone.
5:13 of 1st period - Dustin Kohn is hit by Ryan Reaves and loses puck.
6:08 of 1st period - Brendon Nash is hit by Danny Kristo and loses puck.
6:47 of 1st period - Penalty to Lars Eller is over, Lars Eller is back on ice.
6:59 of 1st period - Snap shot by Tyler Pitlick.
6:59 of 1st period - Stopped by Anders Nilsson without a rebound.
7:00 of 1st period - Brandon Kozun wins face-off versus Lars Eller in Ice Dragons zone.
7:05 of 1st period - Snap shot by Lars Eller.
7:05 of 1st period - Deflect By Jeff Skinner.
7:05 of 1st period - Stopped by Anders Nilsson without a rebound.
7:06 of 1st period - Andrej Nestrasil wins face-off versus Lars Eller in Ice Dragons zone.
7:15 of 1st period - Snap shot by Tyler Pitlick.
7:15 of 1st period - Shot Hit the Post.
7:17 of 1st period - Snap shot by Jeff Skinner.
7:17 of 1st period - Stopped by Anders Nilsson with a rebound.
7:19 of 1st period - Snap shot by Dustin Kohn.
7:19 of 1st period - Stopped by Anders Nilsson without a rebound.
7:20 of 1st period - Michael Latta wins face-off versus David Desharnais in Ice Dragons zone.
7:22 of 1st period - Minor Penalty to Michael Latta for Hooking.
7:23 of 1st period - Lars Eller wins face-off versus Curtis Glencross in Ice Dragons zone.
7:25 of 1st period - Snap shot by Lars Eller.
7:25 of 1st period - Shot Misses the Net.
7:27 of 1st period - Slapshot by Dustin Kohn.
7:27 of 1st period - Goal by Dustin Kohn - Ice Dragons : 0 - Staline : 1.
7:28 of 1st period - Michael Latta wins face-off versus David Desharnais in neutral zone.
7:33 of 1st period - Snap shot by Curtis Glencross.
7:33 of 1st period - Shot Misses the Net.
7:41 of 1st period - Snap shot by Dustin Kohn.
7:41 of 1st period - Stopped by Anders Nilsson with a rebound.
7:43 of 1st period - Snap shot by Nick Spaling.
7:43 of 1st period - Shot Misses the Net.
7:55 of 1st period - Joe Callahan is hit by Brandon Burlon and loses puck.
7:59 of 1st period - Icing by Petr Vrana.
8:00 of 1st period - David Desharnais wins face-off versus Tyler Haskins in Ice Dragons zone.
8:01 of 1st period - Slapshot by Jordan Caron.
8:01 of 1st period - Shot Blocked by Justin Faulk.
8:07 of 1st period - Snap shot by Nick Spaling.
8:07 of 1st period - Goal by Nick Spaling - Ice Dragons : 0 - Staline : 2.
8:08 of 1st period - David Desharnais wins face-off versus Michael Latta in neutral zone.
8:15 of 1st period - Slapshot by David Desharnais.
8:15 of 1st period - Shot Misses the Net.
8:57 of 1st period - Wrist shot by David Desharnais.
8:57 of 1st period - Deflect By Lars Eller.
8:57 of 1st period - Shot Blocked by Ryan Reaves.
8:57 of 1st period - Puck is out of play.
8:58 of 1st period - Tyler Haskins wins face-off versus Lars Eller in Ice Dragons zone.
9:03 of 1st period - Slapshot by Tyler Haskins.
9:03 of 1st period - Deflect By Petr Vrana.
9:03 of 1st period - Shot Misses the Net.
9:03 of 1st period - Puck is out of play.
9:04 of 1st period - Michael Latta wins face-off versus Lars Eller in Staline zone.
9:23 of 1st period - Slapshot by Brandon Burlon.
9:23 of 1st period - Shot Misses the Net.
9:25 of 1st period - Snap shot by Tyler Pitlick.
9:25 of 1st period - Shot Blocked by Brendon Nash.
9:31 of 1st period - Slapshot by Dustin Kohn.
9:31 of 1st period - Shot Blocked by Joe Callahan.
9:33 of 1st period - Snap shot by Lars Eller.
9:33 of 1st period - Shot Misses the Net.
9:35 of 1st period - Snap shot by Jeff Skinner.
9:35 of 1st period - Shot Misses the Net.
9:37 of 1st period - Slapshot by Brandon Burlon.
9:37 of 1st period - Deflect By Lars Eller.
9:37 of 1st period - Shot Misses the Net.
9:37 of 1st period - Puck is out of play.
9:38 of 1st period - Troy Brouwer wins face-off versus Danny Kristo in Ice Dragons zone.
9:47 of 1st period - Wrist shot by Michael Latta.
9:47 of 1st period - Shot Misses the Net.
10:36 of 1st period - Philip Larsen is hit by Joe Callahan and loses puck.
11:33 of 1st period - Slapshot by Danny Kristo.
11:33 of 1st period - Deflect By James Sheppard.
11:33 of 1st period - Shot Blocked by Michael Latta.
11:33 of 1st period - Puck is out of play.
11:34 of 1st period - Tyler Haskins wins face-off versus Lars Eller in Ice Dragons zone.
11:41 of 1st period - Slapshot by Justin Faulk.
11:41 of 1st period - Stopped by Allen York with a rebound.
11:43 of 1st period - Slapshot by Kevin Connauton.
11:43 of 1st period - Stopped by Allen York without a rebound.
11:44 of 1st period - Tyler Haskins wins face-off versus Lars Eller in Staline zone.
11:45 of 1st period - Snap shot by Petr Vrana.
11:45 of 1st period - Stopped by Allen York without a rebound.
11:46 of 1st period - Jeff Skinner wins face-off versus Michael Latta in Staline zone.
11:46 of 1st period - Jeff Skinner is hit by Curtis Glencross.
12:33 of 1st period - Slapshot by Justin Faulk.
12:33 of 1st period - Shot Misses the Net.
12:39 of 1st period - Wrist shot by Curtis Glencross.
12:39 of 1st period - Stopped by Allen York without a rebound.
12:40 of 1st period - Tyler Haskins wins face-off versus Lars Eller in Staline zone.
12:46 of 1st period - Off-side.
12:47 of 1st period - Tyler Pitlick wins face-off versus Tyler Haskins in neutral zone.
13:12 of 1st period - Wrist shot by Troy Brouwer.
13:12 of 1st period - Shot Misses the Net.
13:14 of 1st period - Wrist shot by Curtis Glencross.
13:14 of 1st period - Stopped by Allen York with a rebound.
13:16 of 1st period - Snap shot by Curtis Glencross.
13:16 of 1st period - Shot Blocked by Viktor Loov.
13:18 of 1st period - Wrist shot by Michael Latta.
13:18 of 1st period - Deflect By Troy Brouwer.
13:18 of 1st period - Stopped by Allen York with a rebound.
13:20 of 1st period - Snap shot by Michael Latta.
13:20 of 1st period - Shot Blocked by Nick Spaling.
13:22 of 1st period - Snap shot by Curtis Glencross.
13:22 of 1st period - Shot Blocked by Mike Reilly.
13:55 of 1st period - Slapshot by Dustin Kohn.
13:55 of 1st period - Stopped by Anders Nilsson with a rebound.
13:57 of 1st period - Snap shot by Lars Eller.
13:57 of 1st period - Shot Blocked by Brendon Nash.
14:38 of 1st period - Off-side.
14:39 of 1st period - Curtis Glencross wins face-off versus David Desharnais in neutral zone.
14:58 of 1st period - Slapshot by Jordan Caron.
14:58 of 1st period - Stopped by Anders Nilsson without a rebound.
14:59 of 1st period - Lars Eller wins face-off versus Tyler Haskins in Ice Dragons zone.
15:00 of 1st period - Wrist shot by Jeff Skinner.
15:00 of 1st period - Stopped by Anders Nilsson with a rebound.
15:06 of 1st period - Snap shot by Petr Vrana.
15:06 of 1st period - Shot Misses the Net.
15:08 of 1st period - Slapshot by Joe Callahan.
15:08 of 1st period - Stopped by Allen York with a rebound.
15:58 of 1st period - Slapshot by Lars Eller.
15:58 of 1st period - Shot Misses the Net.
16:00 of 1st period - Snap shot by Jeff Skinner.
16:00 of 1st period - Shot Blocked by Kevin Connauton.
16:02 of 1st period - Slapshot by Mike Reilly.
16:02 of 1st period - Shot Blocked by Ryan Reaves.
16:04 of 1st period - Wrist shot by Jeff Skinner.
16:04 of 1st period - Stopped by Anders Nilsson without a rebound.
16:05 of 1st period - Michael Latta wins face-off versus David Desharnais in Ice Dragons zone.
16:07 of 1st period - Minor Penalty to Joe Callahan for Tripping.
16:08 of 1st period - David Desharnais wins face-off versus Curtis Glencross in Ice Dragons zone.
16:08 of 1st period - Slapshot by Dustin Kohn.
16:08 of 1st period - Shot Blocked by Curtis Glencross.
16:23 of 1st period - Nick Spaling is hit by Troy Brouwer and loses puck.
18:07 of 1st period - Penalty to Joe Callahan is over, Joe Callahan is back on ice.
19:39 of 1st period - Slapshot by Michael Stone.
19:39 of 1st period - Deflect By Michael Chaput.
19:39 of 1st period - Shot Blocked by Stu Bickel.
19:39 of 1st period - Puck is out of play.
19:40 of 1st period - Petr Vrana wins face-off versus Tyler Pitlick in Staline zone.
Goals for this period are 0 for Ice Dragons vs 2 for Staline.
Shots for this period are 9 for Ice Dragons vs 12 for Staline.
2nd period
0:01 of 2nd period - Michael Latta wins face-off versus David Desharnais in neutral zone.
0:26 of 2nd period - Joe Callahan is hit by Brandon Burlon and loses puck.
0:37 of 2nd period - Wrist shot by Lars Eller.
0:37 of 2nd period - Stopped by Anders Nilsson without a rebound.
0:38 of 2nd period - Michael Latta wins face-off versus Corey Trivino in Ice Dragons zone.
0:47 of 2nd period - Snap shot by James Sheppard.
0:47 of 2nd period - Stopped by Anders Nilsson with a rebound.
0:49 of 2nd period - Slapshot by Stu Bickel.
0:49 of 2nd period - Stopped by Anders Nilsson with a rebound.
0:51 of 2nd period - Slapshot by Corey Trivino.
0:51 of 2nd period - Goal by Corey Trivino - Ice Dragons : 0 - Staline : 3.
0:52 of 2nd period - David Desharnais wins face-off versus Michael Latta in neutral zone.
1:24 of 2nd period - Slapshot by Andrej Nestrasil.
1:24 of 2nd period - Shot Blocked by Philip Larsen.
1:26 of 2nd period - Slapshot by Brendon Nash.
1:26 of 2nd period - Deflect By Brandon Kozun.
1:26 of 2nd period - Shot Misses the Net.
1:26 of 2nd period - Puck is out of play.
1:27 of 2nd period - Lars Eller wins face-off versus Tyler Haskins in Staline zone.
1:33 of 2nd period - Minor Penalty to Petr Vrana for Holding.
1:34 of 2nd period - Lars Eller wins face-off versus Curtis Glencross in Ice Dragons zone.
2:55 of 2nd period - Michael Latta is hit by Jordan Caron and loses puck.
3:33 of 2nd period - Penalty to Petr Vrana is over, Petr Vrana is back on ice.
3:47 of 2nd period - Curtis Glencross is hit by Philip Larsen and loses puck.
3:52 of 2nd period - Wrist shot by Corey Trivino.
3:52 of 2nd period - Shot Misses the Net.
4:04 of 2nd period - Snap shot by Troy Brouwer.
4:04 of 2nd period - Stopped by Allen York without a rebound.
4:05 of 2nd period - Marek Zagrapan wins face-off versus Andrej Nestrasil in Staline zone.
4:24 of 2nd period - Icing by Tomas Kudelka.
4:25 of 2nd period - Andrej Nestrasil wins face-off versus David Desharnais in Ice Dragons zone.
4:25 of 2nd period - Andrej Nestrasil is hit by Nick Spaling.
4:51 of 2nd period - Tomas Kudelka is hit by Danny Kristo and loses puck.
4:56 of 2nd period - Backhand shot by Brandon Burlon.
4:56 of 2nd period - Deflect By Danny Kristo.
4:56 of 2nd period - Shot Blocked by Michael Stone.
4:56 of 2nd period - Puck is out of play.
4:57 of 2nd period - Tyler Haskins wins face-off versus Corey Trivino in Ice Dragons zone.
5:08 of 2nd period - Brandon Burlon is hit by Ryan Reaves and loses puck.
5:35 of 2nd period - Slapshot by Dustin Kohn.
5:35 of 2nd period - Shot Blocked by Justin Faulk.
5:37 of 2nd period - Wrist shot by Corey Trivino.
5:37 of 2nd period - Shot Misses the Net.
5:39 of 2nd period - Snap shot by Brandon Burlon.
5:39 of 2nd period - Shot Misses the Net.
5:41 of 2nd period - Slapshot by Brandon Burlon.
5:41 of 2nd period - Shot Blocked by Curtis Glencross.
5:43 of 2nd period - Slapshot by Dustin Kohn.
5:43 of 2nd period - Shot Blocked by Kevin Connauton.
6:15 of 2nd period - Curtis Glencross is hit by Dustin Kohn and loses puck.
6:43 of 2nd period - Snap shot by Danny Kristo.
6:43 of 2nd period - Shot Misses the Net.
6:45 of 2nd period - Slapshot by Brandon Burlon.
6:45 of 2nd period - Stopped by Anders Nilsson with a rebound.
6:49 of 2nd period - Snap shot by Danny Kristo.
6:49 of 2nd period - Shot Blocked by Troy Brouwer.
6:51 of 2nd period - Slapshot by Brandon Burlon.
6:51 of 2nd period - Stopped by Anders Nilsson with a rebound.
6:53 of 2nd period - Slapshot by Brandon Burlon.
6:53 of 2nd period - Stopped by Anders Nilsson with a rebound.
7:01 of 2nd period - Snap shot by Corey Trivino.
7:01 of 2nd period - Stopped by Anders Nilsson with a rebound.
7:17 of 2nd period - Slapshot by Danny Kristo.
7:17 of 2nd period - Shot Misses the Net.
7:23 of 2nd period - Snap shot by Danny Kristo.
7:23 of 2nd period - Goal by Danny Kristo - Ice Dragons : 0 - Staline : 4.
7:24 of 2nd period - Tyler Haskins wins face-off versus Lars Eller in neutral zone.
7:24 of 2nd period - Stu Bickel and Ryan Reaves fight to a draw.
7:24 of 2nd period - Penalty to Stu Bickel for Fighting.
7:24 of 2nd period - Penalty to Ryan Reaves for Fighting.
7:25 of 2nd period - Lars Eller wins face-off versus Tyler Haskins in neutral zone.
7:32 of 2nd period - Snap shot by Lars Eller.
7:32 of 2nd period - Shot Blocked by Brendon Nash.
7:34 of 2nd period - Wrist shot by Tyler Pitlick.
7:34 of 2nd period - Stopped by Anders Nilsson with a rebound.
7:50 of 2nd period - Viktor Loov is hit by Joe Callahan and loses puck.
8:25 of 2nd period - Snap shot by Michael Chaput.
8:25 of 2nd period - Shot Blocked by Dustin Kohn.
8:52 of 2nd period - Nick Spaling is hit by Brendon Nash.
9:23 of 2nd period - Justin Faulk is hit by David Desharnais and loses puck.
9:42 of 2nd period - Michael Latta is hit by Viktor Loov and loses puck.
9:58 of 2nd period - Jordan Caron is hit by Justin Faulk.
9:59 of 2nd period - Jordan Caron from Staline is injured at 9:59 of 2nd period (Bruised Left Foot).
10:00 of 2nd period - Michael Latta wins face-off versus Lars Eller in Staline zone.
10:01 of 2nd period - Snap shot by Curtis Glencross.
10:01 of 2nd period - Shot Misses the Net.
10:15 of 2nd period - Wrist shot by Lars Eller.
10:15 of 2nd period - Stopped by Anders Nilsson without a rebound.
10:16 of 2nd period - Tyler Haskins wins face-off versus David Desharnais in Ice Dragons zone.
10:43 of 2nd period - Lars Eller is hit by Joe Callahan and loses puck.
11:02 of 2nd period - Michael Stone is hit by Marek Zagrapan and loses puck.
11:15 of 2nd period - Slapshot by Dustin Kohn.
11:15 of 2nd period - Deflect By Marek Zagrapan.
11:15 of 2nd period - Stopped by Anders Nilsson with a rebound.
11:54 of 2nd period - Lars Eller is hit by Justin Faulk and loses puck.
12:10 of 2nd period - Wrist shot by Jeff Skinner.
12:10 of 2nd period - Shot Misses the Net.
12:19 of 2nd period - Minor Penalty to Michael Latta for Holding.
12:20 of 2nd period - Curtis Glencross wins face-off versus Lars Eller in Ice Dragons zone.
12:24 of 2nd period - Penalty to Ryan Reaves is over, Ryan Reaves is back on ice.
12:25 of 2nd period - Icing by Lars Eller.
12:26 of 2nd period - Lars Eller wins face-off versus Curtis Glencross in Staline zone.
12:42 of 2nd period - Off-side.
12:43 of 2nd period - David Desharnais wins face-off versus Curtis Glencross in neutral zone.
12:48 of 2nd period - Slapshot by Dustin Kohn.
12:48 of 2nd period - Stopped by Anders Nilsson without a rebound.
12:49 of 2nd period - Troy Brouwer wins face-off versus Nick Spaling in Ice Dragons zone.
13:45 of 2nd period - Off-side.
13:46 of 2nd period - Jeff Skinner wins face-off versus Curtis Glencross in neutral zone.
14:14 of 2nd period - Off-side.
14:15 of 2nd period - David Desharnais wins face-off versus Michael Chaput in neutral zone.
14:19 of 2nd period - Penalty to Michael Latta is over, Michael Latta is back on ice.
14:24 of 2nd period - Snap shot by Nick Spaling.
14:24 of 2nd period - Goal by Nick Spaling - Ice Dragons : 0 - Staline : 5.
14:25 of 2nd period - Troy Brouwer wins face-off versus Lars Eller in neutral zone.
14:27 of 2nd period - Brendon Nash is hit by Lars Eller and loses puck.
14:33 of 2nd period - Icing by Brandon Burlon.
14:34 of 2nd period - Michael Latta wins face-off versus Lars Eller in Staline zone.
14:43 of 2nd period - Wrist shot by Michael Latta.
14:43 of 2nd period - Stopped by Allen York with a rebound.
14:45 of 2nd period - Snap shot by Troy Brouwer.
14:45 of 2nd period - Shot Misses the Net.
14:47 of 2nd period - Snap shot by Curtis Glencross.
14:47 of 2nd period - Stopped by Allen York without a rebound.
14:48 of 2nd period - Lars Eller wins face-off versus Troy Brouwer in Staline zone.
14:50 of 2nd period - Minor Penalty to Tyler Pitlick for Holding Stick.
14:51 of 2nd period - Michael Latta wins face-off versus David Desharnais in Staline zone.
16:37 of 2nd period - Kevin Connauton is hit by Dustin Kohn and loses puck.
16:50 of 2nd period - Penalty to Tyler Pitlick is over, Tyler Pitlick is back on ice.
16:58 of 2nd period - Wrist shot by Andrej Nestrasil.
16:58 of 2nd period - Stopped by Allen York with a rebound.
17:00 of 2nd period - Snap shot by Brandon Kozun.
17:00 of 2nd period - Shot Hit the Post.
17:02 of 2nd period - Slapshot by Brandon Kozun.
17:02 of 2nd period - Shot Misses the Net.
17:04 of 2nd period - Slapshot by Andrej Nestrasil.
17:04 of 2nd period - Deflect By Brandon Kozun.
17:04 of 2nd period - Shot Misses the Net.
17:04 of 2nd period - Puck is out of play.
17:05 of 2nd period - Lars Eller wins face-off versus Andrej Nestrasil in Staline zone.
17:20 of 2nd period - Snap shot by Tyler Pitlick.
17:20 of 2nd period - Deflect By Lars Eller.
17:20 of 2nd period - Stopped by Anders Nilsson with a rebound.
17:30 of 2nd period - Tomas Kudelka is hit by Barclay Goodrow and loses puck.
18:07 of 2nd period - Tyler Haskins is hit by Tyler Pitlick and loses puck.
18:12 of 2nd period - Slapshot by Lars Eller.
18:12 of 2nd period - Stopped by Anders Nilsson with a rebound.
18:19 of 2nd period - Minor Penalty to Brendon Nash for Hooking.
18:20 of 2nd period - Curtis Glencross wins face-off versus Lars Eller in Ice Dragons zone.
18:45 of 2nd period - Michael Latta is hit by James Sheppard and loses puck.
18:56 of 2nd period - Snap shot by David Desharnais.
18:56 of 2nd period - Stopped by Anders Nilsson with a rebound.
Goals for this period are 0 for Ice Dragons vs 3 for Staline.
Shots for this period are 4 for Ice Dragons vs 17 for Staline.
3rd period
0:01 of 3rd period - Curtis Glencross wins face-off versus Lars Eller in neutral zone.
0:19 of 3rd period - Penalty to Brendon Nash is over, Brendon Nash is back on ice.
0:29 of 3rd period - Tyler Haskins is hit by David Desharnais and loses puck.
0:32 of 3rd period - Minor Penalty to Brandon Burlon for High sticking.
0:33 of 3rd period - Michael Latta wins face-off versus David Desharnais in Staline zone.
0:38 of 3rd period - Snap shot by Troy Brouwer.
0:38 of 3rd period - Shot Misses the Net.
0:40 of 3rd period - Slapshot by Brendon Nash.
0:40 of 3rd period - Shot Blocked by Stu Bickel.
0:42 of 3rd period - Slapshot by Troy Brouwer.
0:42 of 3rd period - Deflect By Michael Latta.
0:42 of 3rd period - Shot Misses the Net.
0:42 of 3rd period - Puck is out of play.
0:43 of 3rd period - Michael Latta wins face-off versus David Desharnais in Staline zone.
0:44 of 3rd period - Backhand shot by Brendon Nash.
0:44 of 3rd period - Deflect By Michael Latta.
0:44 of 3rd period - Stopped by Allen York with a rebound.
0:46 of 3rd period - Slapshot by Michael Latta.
0:46 of 3rd period - Stopped by Allen York without a rebound.
0:47 of 3rd period - David Desharnais wins face-off versus Michael Latta in Staline zone.
1:32 of 3rd period - Corey Trivino is hit by Troy Brouwer and loses puck.
1:59 of 3rd period - Wrist shot by Danny Kristo.
1:59 of 3rd period - Stopped by Anders Nilsson with a rebound.
2:01 of 3rd period - Slapshot by Mike Reilly.
2:01 of 3rd period - Shot Misses the Net.
2:32 of 3rd period - Penalty to Brandon Burlon is over, Brandon Burlon is back on ice.
2:43 of 3rd period - Andrej Nestrasil is hit by Mike Reilly and loses puck.
5:22 of 3rd period - Snap shot by Danny Kristo.
5:22 of 3rd period - Shot Misses the Net.
5:46 of 3rd period - Kevin Connauton is hit by Bryan Bickell and loses puck.
6:14 of 3rd period - Brandon Kozun is hit by Jeff Skinner and loses puck.
6:53 of 3rd period - Brendon Nash is hit by David Desharnais and loses puck.
7:06 of 3rd period - Bryan Bickell is hit by Michael Latta and loses puck.
7:35 of 3rd period - Corey Trivino is hit by Justin Faulk and loses puck.
7:54 of 3rd period - Andrej Nestrasil is hit by Barclay Goodrow and loses puck.
8:11 of 3rd period - Minor Penalty to Brandon Burlon for Hooking.
8:12 of 3rd period - Tyler Haskins wins face-off versus David Desharnais in Staline zone.
8:15 of 3rd period - Wrist shot by Brendon Nash.
8:15 of 3rd period - Stopped by Allen York with a rebound.
8:17 of 3rd period - Wrist shot by Petr Vrana.
8:17 of 3rd period - Shot Blocked by David Desharnais.
8:19 of 3rd period - Slapshot by Brendon Nash.
8:19 of 3rd period - Shot Misses the Net.
8:21 of 3rd period - Snap shot by Brendon Nash.
8:21 of 3rd period - Shot Misses the Net.
8:23 of 3rd period - Slapshot by Joe Callahan.
8:23 of 3rd period - Deflect By Tyler Haskins.
8:23 of 3rd period - Stopped by Allen York with a rebound.
8:25 of 3rd period - Slapshot by Brendon Nash.
8:25 of 3rd period - Deflect By Dustin Kohn.
8:25 of 3rd period - Stopped by Allen York with a rebound.
8:27 of 3rd period - Wrist shot by Ryan Reaves.
8:27 of 3rd period - Stopped by Allen York with a rebound.
8:37 of 3rd period - Dustin Kohn is hit by Joe Callahan and loses puck.
8:44 of 3rd period - Wrist shot by Troy Brouwer.
8:44 of 3rd period - Stopped by Allen York without a rebound.
8:45 of 3rd period - David Desharnais wins face-off versus Michael Latta in Staline zone.
10:11 of 3rd period - Penalty to Brandon Burlon is over, Brandon Burlon is back on ice.
10:29 of 3rd period - Kevin Connauton is hit by Tyler Pitlick and loses puck.
10:42 of 3rd period - Slapshot by Justin Faulk.
10:42 of 3rd period - Shot Misses the Net.
10:44 of 3rd period - Slapshot by Kevin Connauton.
10:44 of 3rd period - Stopped by Allen York without a rebound.
10:45 of 3rd period - Jeff Skinner wins face-off versus Michael Chaput in Staline zone.
10:58 of 3rd period - Slapshot by Stu Bickel.
10:58 of 3rd period - Stopped by Anders Nilsson without a rebound.
10:59 of 3rd period - Andrej Nestrasil wins face-off versus David Desharnais in Ice Dragons zone.
11:10 of 3rd period - Slapshot by Andrej Nestrasil.
11:10 of 3rd period - Deflect By Brandon Kozun.
11:10 of 3rd period - Shot Misses the Net.
11:10 of 3rd period - Puck is out of play.
11:11 of 3rd period - Lars Eller wins face-off versus Michael Latta in Staline zone.
11:11 of 3rd period - Lars Eller is hit by Joe Callahan.
11:17 of 3rd period - Curtis Glencross is hit by Dustin Kohn.
11:27 of 3rd period - Backhand shot by Dustin Kohn.
11:27 of 3rd period - Stopped by Anders Nilsson without a rebound.
11:28 of 3rd period - Tyler Haskins wins face-off versus David Desharnais in Ice Dragons zone.
11:33 of 3rd period - Nick Spaling is hit by Tyler Haskins and loses puck.
11:38 of 3rd period - Snap shot by Petr Vrana.
11:38 of 3rd period - Stopped by Allen York with a rebound.
11:40 of 3rd period - Wrist shot by Brendon Nash.
11:40 of 3rd period - Stopped by Allen York with a rebound.
11:42 of 3rd period - Slapshot by Petr Vrana.
11:42 of 3rd period - Shot Blocked by David Desharnais.
11:42 of 3rd period - David Desharnais from Staline is injured at 11:42 of 3rd period (Sprained Right Finger).
11:43 of 3rd period - Tyler Pitlick wins face-off versus Curtis Glencross in Staline zone.
12:13 of 3rd period - Brendon Nash is hit by James Sheppard.
12:42 of 3rd period - Icing by Curtis Glencross.
12:43 of 3rd period - Lars Eller wins face-off versus Andrej Nestrasil in Ice Dragons zone.
13:52 of 3rd period - Brandon Burlon is hit by Logan MacMillan and loses puck.
15:16 of 3rd period - Slapshot by Philip Larsen.
15:16 of 3rd period - Shot Misses the Net.
16:01 of 3rd period - James Sheppard is hit by Brandon Kozun and loses puck.
16:46 of 3rd period - Snap shot by Brendon Nash.
16:46 of 3rd period - Deflect By Michael Chaput.
16:46 of 3rd period - Stopped by Allen York with a rebound.
16:48 of 3rd period - Snap shot by Michael Chaput.
16:48 of 3rd period - Shot Blocked by Stu Bickel.
16:58 of 3rd period - Slapshot by Brendon Nash.
16:58 of 3rd period - Stopped by Allen York with a rebound.
17:04 of 3rd period - Stu Bickel is hit by Logan MacMillan and loses puck.
17:40 of 3rd period - Icing by Ryan Reaves.
17:41 of 3rd period - Michael Chaput wins face-off versus Lars Eller in Ice Dragons zone.
17:50 of 3rd period - Snap shot by Michael Chaput.
17:50 of 3rd period - Stopped by Allen York with a rebound.
18:02 of 3rd period - Ryan Reaves is hit by Nick Spaling and loses puck.
18:15 of 3rd period - Wrist shot by Tyler Haskins.
18:15 of 3rd period - Shot Blocked by Mike Reilly.
18:25 of 3rd period - Brandon Kozun is hit by Mike Reilly and loses puck.
18:39 of 3rd period - Minor Penalty to Marek Zagrapan for Goalie Interference.
18:40 of 3rd period - Michael Latta wins face-off versus Lars Eller in Staline zone.
19:13 of 3rd period - Slapshot by Petr Vrana.
19:13 of 3rd period - Shot Misses the Net.
19:15 of 3rd period - Slapshot by Brendon Nash.
19:15 of 3rd period - Deflect By Tyler Haskins.
19:15 of 3rd period - Stopped by Allen York with a rebound.
19:57 of 3rd period - Corey Trivino is hit by Petr Vrana and loses puck.
Goals for this period are 0 for Ice Dragons vs 0 for Staline.
Shots for this period are 14 for Ice Dragons vs 3 for Staline.
Back to the Top